 Dungeon Crawl Stone Soup version 0.32-a0-433-g08bcfe7efd (webtiles) character file.

Game seed: 11338542522246025356

877 MothFluffs the Magician (level 8, -9/67 HPs)
             Began as an Oni Fire Elementalist on Feb 22, 2024.
             Was a Follower of Beogh.
             Mangled by an ice beast (13 damage)
             ... on level 6 of the Dungeon.
             The game lasted 00:16:42 (4988 turns).

MothFluffs the Magician (Oni Fire Elementalist)     Turns: 4988, Time: 00:16:45

Health: -9/67      AC:  0    Str: 13    XL:     8   Next: 4%
Magic:  4/17       EV: 10    Int: 24    God:    Beogh [*.....]
Gold:   193        SH:  0    Dex: 15    Spells: 12/19 levels left

rFire   . . .        g - staff of conjuration
rCold   . . .        (no shield)
rNeg    . . .        B - +1 robe of Amelioration {rPois Will+ SInv}
rPois   +            (helmet restricted)
rElec   .            (no cloak)
rCorr   .            (gloves unavailable)
SInv    +            (boots unavailable)
Will    +....        (no amulet)
Stlth   ++           H - +6 ring of dexterity
HPRegen 0.31/turn    E - +6 ring of intelligence
MPRegen 0.15/turn

%: no passive effects
@: corroded
A: large, unfitting armour, horns 1, tough skin 1, double potion healing,
drunken brawling
a: Renounce Religion


You were on level 6 of the Dungeon.
You worshipped Beogh.
Beogh was aware of your devotion.
You visited 2 branches of the dungeon, and saw 7 of its levels.

You collected 193 gold pieces.

Inventory:

Hand Weapons
 a - a +0 whip of venom
 v - a +2 short sword of draining
 F - a +2 spectral quarterstaff
Missiles
 o - 4 javelins
 w - 36 stones
 y - 3 poisoned darts
 G - 3 boomerangs
Armour
 B - the +1 robe of Amelioration (worn) {rPois Will+ SInv}
   (You found it on level 5 of the Dungeon)

   rPois:     It protects you from poison Will+: It increases your willpower.
   SInv:      It lets you see invisible.
Magical Staves
 g - a staff of conjuration (weapon)
Jewellery
 k - a ring of fire
 s - a ring of protection from fire
 E - a +6 ring of intelligence (right hand)
 H - a +6 ring of dexterity (left hand)
Wands
 A - a wand of paralysis (13)
Scrolls
 c - 2 scrolls of enchant armour {unknown}
 d - a scroll of brand weapon {unknown}
 e - a scroll of noise {unknown}
 f - 5 scrolls of amnesia {unknown}
 h - a scroll of summoning {unknown}
 i - a scroll of torment {unknown}
 j - a scroll of silence {unknown}
 l - 2 scrolls of teleportation {unknown}
 m - a scroll of fear {unknown}
 p - 3 scrolls of enchant weapon {unknown}
 r - a scroll of vulnerability {unknown}
 x - a scroll of immolation {unknown}
 D - 2 scrolls of identify {unknown}
Potions
 b - a potion of magic
 n - 2 potions of lignification {unknown}
 q - a potion of heal wounds {unknown}
 t - a potion of curing
 u - 4 potions of enlightenment {unknown}
 z - a potion of haste {unknown}
 C - a potion of mutation {unknown}
 I - 2 potions of attraction {unknown}


   Skills:
 + Level 2.3 Dodging
 - Level 1.4 Stealth
 + Level 6.0 Spellcasting
 + Level 4.4 Conjurations
 + Level 5.2 Fire Magic


You had 12 spell levels left.
You knew the following spells:

 Your Spells              Type           Power      Damage    Failure   Level
a - Foxfire               Conj/Fire      100%       2x1d9     1%          1
s - Scorch                Fire           64%        2d7       1%          2
w - Flame Wave            Conj/Fire      45%        2d12      11%         4

Your spell library contained the following spells:

 Spells                   Type           Power      Damage    Failure   Level
 Apportation              Tloc           14%        N/A       8%          1
 Summon Small Mammal      Summ           28%        N/A       8%          1
 Inner Flame              Hex/Fire       19%        N/A       9%          3
 Volatile Blastmotes      Fire/Tloc      38%        2d13      9%          3
 Ensorcelled Hibernation  Hex/Ice        14%        N/A       12%         2
 Jinxbite                 Hex            14%        N/A       12%         2
 Call Canine Familiar     Summ           7%         N/A       24%         3
 Frozen Ramparts          Ice            14%        1d3       24%         3
 Passwall                 Erth           7%         N/A       24%         3
 Swiftness                Air            7%         N/A       24%         3
 Summon Blazeheart Golem  Fire/Summ      19%        N/A       26%         4
 Leda's Liquefaction      Alch/Erth      3%         N/A       61%         4
 Petrify                  Alch/Erth      7%         N/A       61%         4
 Alistair's Intoxication  Alch           4%         N/A       91%         5
 Metabolic Englaciation   Hex/Ice        3%         N/A       91%         5
 Summon Forest            Summ/Tloc      3%         N/A       91%         5
 Summon Mana Viper        Hex/Summ       7%         N/A       91%         5
 Summon Cactus Giant      Summ           3%         N/A       100%        6


Dungeon Overview and Level Annotations

Branches:
Dungeon (6/15)             Temple (1/1) D:4

Altars:
Ashenzari
Dithmenos
Gozag
Hepliaklqana
Kikubaaqudgha
Makhleb
Nemelex Xobeh
Ru
Sif Muna
Trog
Uskayaw
Vehumet
Wu Jian
Xom
Yredelemnul
Zin
The Shining One


Innate Abilities, Weirdness & Mutations

You are too large for most types of armour.
You have a pair of small horns on your head.
You have tough skin. (AC +1)
You gain doubled healing and magic from potions.
Whenever you drink a healing potion, you attack all around you.


Message History

Press: ? - help, Q - select action, (/) - cycle Dir - look around, f - activate You feel a surge of power!
You conjure some foxfire!
The foxfire hits the ice beast!
The ice beast melts!
The ice beast is moderately wounded.
The ice beast hits you. The ice beast freezes you!
The foxfire hits the ice beast.
The ice beast is heavily wounded.
The ice beast attacks as it pursues you!
The ice beast hits you.
* * * LOW HITPOINT WARNING * * *
The ice beast freezes you.
* * * LOW HITPOINT WARNING * * *
Casting: Foxfire (safe; 1% risk of failure)
Confirm with . or Enter, or press ? or * to list all spells.
Flames lash the ice beast.
The ice beast melts!
The ice beast is severely wounded.
The ice beast's fire resistance burns away.
The ice beast hits you.
* * * LOW HITPOINT WARNING * * *
The ice beast freezes you!
* * * LOW HITPOINT WARNING * * *
You take a swig of the potion and twirl your staff of conjuration.
You closely miss the ice beast.
The ice beast is heavily wounded.
It was a potion of curing.
You savour every drop.
You feel better. The ice beast closely misses you.
You take a swig of the potion and twirl your staff of conjuration.
You closely miss the ice beast.
You headbutt the ice beast, but do no damage.
The ice beast is heavily wounded.
You closely miss the ice beast.
The ice beast is severely wounded.
You savour every drop.
You feel better.
The ice beast is no longer more vulnerable to fire.
The ice beast hits you. The ice beast freezes you!
* * * LOW HITPOINT WARNING * * *
The ice beast hits you.
* * * LOW HITPOINT WARNING * * *
The ice beast freezes you!
You die...

#...
####+#..###
........#<#
........#.#
........#.#
........#.#
........v.#
#
.....#.###.#
###....Y@..#
#....Y.....#
#....#####.#
###### #


You could see 2 ice beasts.

Vanquished Creatures
  A steam dragon (D:6)
  An ogre (D:5)
  A jelly (D:6)
  3 bombardier beetles
  3 hounds
  3 orc priests (D:5)
  An iguana (D:5)
  4 orc wizards
  A sleepcap (D:5)
  Natasha (thrice) (D:3)
  4 adders
  A shadow imp (D:5)
  2 dart slugs (D:3)
  4 ribbon worms
  11 orcs
  4 endoplasms
  6 giant cockroaches
  5 goblins
  6 hobgoblins
  2 quokkas
  5 ball pythons
  4 bats
  2 frilled lizards
  4 kobolds
  10 rats
91 creatures vanquished.

Vanquished Creatures (others)
  A hobgoblin (D:3)
  A kobold (D:3)
  265 foxfires
267 creatures vanquished.

Grand Total: 358 creatures vanquished

Notes
Turn   | Place    | Note
-------+----------+-------------------------------------------
     0 | D:1      | MothFluffs the Oni Fire Elementalist began the quest for
                  | the Orb.
     0 | D:1      | Reached XP level 1. HP: 16/16 MP: 3/3
    95 | D:1      | Reached skill level 1 in Conjurations
   127 | D:1      | Reached XP level 2. HP: 24/24 MP: 0/5
   131 | D:1      | Learned a level 2 spell: Scorch
   616 | D:2      | Found a hazy altar of Hepliaklqana.
   667 | D:2      | Reached skill level 3 in Spellcasting
   700 | D:2      | Reached XP level 3. HP: 31/31 MP: 2/7
  1899 | D:3      | Noticed Natasha
  1912 | D:3      | Killed Natasha
  1913 | D:3      | Reached XP level 4. HP: 10/39 MP: 0/9
  2055 | D:3      | Noticed Natasha
  2057 | D:3      | Found a shimmering altar of Xom.
  2061 | D:3      | Killed Natasha
  2212 | D:3      | Reached XP level 5. HP: 45/45 MP: 3/10
  2242 | D:3      | Noticed Natasha
  2250 | D:3      | Killed Natasha
  2263 | D:3      | Reached skill level 4 in Spellcasting
  2377 | D:3      | Became a worshipper of Beogh the Shepherd
  2959 | D:4      | Reached XP level 6. HP: 53/53 MP: 8/12
  2964 | D:4      | Learned a level 4 spell: Flame Wave
  3068 | D:4      | Found a staircase to the Ecumenical Temple.
  3077 | Temple   | Entered the Ecumenical Temple
  3532 | D:5      | Entered Level 5 of the Dungeon
  3715 | D:5      | Reached skill level 5 in Spellcasting
  3789 | D:5      | Reached XP level 7. HP: 56/59 MP: 8/14
  3991 | D:5      | Found an ancient bone altar of Kikubaaqudgha.
  4105 | D:5      | Identified the +1 robe of Amelioration {rPois Will+ SInv}
  4457 | D:5      | Reached * piety under Beogh
  4768 | D:6      | Reached skill level 5 in Fire Magic
  4821 | D:6      | Noticed a steam dragon
  4826 | D:6      | Killed a steam dragon
  4827 | D:6      | Reached XP level 8. HP: 23/67 MP: 5/16
  4980 | D:6      | Reached skill level 6 in Spellcasting
  4986 | D:6      | HP: 1/67 [ice beast (8)]
  4988 | D:6      | Mangled by an ice beast

Illustrated notes

Levels and vault maps discovered:
D:1:      spicycebolla_green_bress_n_ham_2, layout_rooms
D:2:      layout_basic, basic_altar, eino_tiny_chamber
D:3:      layout_basic, mainiacjoe_overflow_24_doors, uniq_natasha
D:4:      layout_cave_pools, minmay_temple_entry_butterflies, minmay_hedge_maze
D:5:      layout_loops_ring, lemuel_coloured_pillars_altar, nicolae_titane
D:6:      layout_basic, mainiacjoe_overflow_boulevard
Temple:   hellmonk_temple_two_chambers

Skill      XL: |  1  2  3  4  5  6  7  8 |
---------------+-------------------------+-----
Conjurations   | 1 2 3 4 |  4.4
Fire Magic     | 3 4 5 |  5.2
Spellcasting   | 3 4 5 6 |  6.0
Dodging        | 2 |  2.3
Stealth        | |  1.4

Action                     |  1- 3 |  4- 6 |  7- 9 || total
---------------------------+-------+-------+-------++-------
  Melee: Quarterstaff      |     6 |       |       ||     6
         Staff             |     9 |     9 |     2 ||    20
         Headbutt          |     2 |     1 |     1 ||     4
   Cast: Foxfire           |    58 |    79 |    36 ||   173
         Scorch            |     2 |       |    16 ||    18
 Invoke: Convert to Beogh  |       |     1 |       ||     1
    Use: Potion            |       |       |     2 ||     2
   Stab: Sleeping          |     1 |       |       ||     1
 Armour: Robe              |    21 |    22 |    20 ||    63
  Dodge: Dodged            |    15 |    12 |    11 ||    38

Table legend: (Time is in decaauts)
 A = Elapsed time spent in this place.
 B = Non-inter-level travel time spent in this place.
 C = Inter-level travel time spent in this place.
 D = Time resting spent in this place.
 E = Time spent auto-exploring this place.
 F = Levels seen in this place.
 G = Mean time per level.
                   A        B        C        D        E       F      G
               +--------+--------+--------+--------+--------+-----+--------+
         Total |   5006 |   4795 |    211 |    303 |   3745 |   7 |  715.1 |
       Dungeon |   4994 |   4787 |    207 |    303 |   3745 |   6 |  832.3 |
        Temple |     11 |      7 |      4 |      0 |      0 |   1 |   11.0 |
               +--------+--------+--------+--------+--------+-----+--------+

Top non-repeatable levels by time:
     D:5: 1335 daAuts
     D:2: 1173 daAuts
     D:3: 1139 daAuts
     D:4: 617 daAuts
     D:1: 610 daAuts
     D:6: 119 daAuts
  Temple: 11 daAuts
